 Dungeon Crawl Stone Soup version 0.18.1-50-g88ac8fd (webtiles) character file.

6327 Hercules the Quickloader (level 10, -4/66 HPs)
             Began as a Gargoyle Hunter on Sept 24, 2016.
             Was a Believer of Okawaru.
             Killed by divine providence
             ... invoked by an orc priest
              (12 damage)
             ... on level 9 of the Dungeon.
             The game lasted 00:18:18 (8060 turns).

Hercules the Quickloader (Gargoyle Hunter)          Turns: 8060, Time: 00:18:18

Health: -4/66      AC: 29    Str: 18    XL:     10   Next: 95%
Magic:  10/10      EV: 10    Int: 12    God:    Okawaru [**....]
Gold:   343        SH:  0    Dex: 11    Spells: 0 memorised, 9 levels left

rFire  . . .     SeeInvis .     b - +1 battleaxe (freeze)
rCold  . . .     Gourm    .     A - +3 chain mail
rNeg   + . .     Faith    .     (shield currently unavailable)
rPois  ∞         Spirit   .     s - +0 helmet
rElec  +         Dismiss  .     F - +1 cloak {MR+}
rCorr  .         Reflect  .     r - +0 pair of gloves
SustAt .         Harm     .     (no boots)
MR     +....                    B - amulet of rage
Stlth  ..........               (no ring)
                                j - +4 ring of protection

@: about to teleport, somewhat resistant to hostile enchantments, extremely
unstealthy
A: negative energy resistance 1, electricity resistance, unbreathing,
petrification resistance, rot immunity, AC +7
a: Heroism, Renounce Religion, Evoke Berserk Rage


You were on level 9 of the Dungeon.
You worshipped Okawaru.
Okawaru was pleased with you.
You were not hungry.

You visited 2 branches of the dungeon, and saw 10 of its levels.

You collected 395 gold pieces.
You spent 52 gold pieces at shops.

Inventory:

Hand Weapons
 a - a +1 hand crossbow
 b - a +1 battleaxe of freezing (weapon)
 u - the +2 dagger of Flawed Execution {holy, Dex+2}
   (You found it on level 5 of the Dungeon)

   It has been blessed by the Shining One to cause great damage to the undead
   and demons.
   It affects your dexterity (+2).
 x - a +3 hand axe of flaming
Missiles
 d - 31 bolts
Armour
 r - a +0 pair of gloves (worn)
 s - a +0 helmet (worn)
 A - a +3 chain mail (worn)
 F - a +1 cloak of magic resistance (worn)
Jewellery
 e - an uncursed ring of ice
 j - a +4 ring of protection (left hand)
 B - an amulet of rage (around neck)
Wands
 y - a wand of polymorph (24/24)
Scrolls
 c - 2 scrolls of remove curse
 h - 2 scrolls of teleportation
 m - 2 scrolls of fog
 o - 2 scrolls of amnesia
 q - a scroll of blinking
Potions
 i - 2 potions of flight
 l - 3 potions of cancellation
 n - 2 potions of heal wounds
 p - 2 potions of ambrosia
 t - 2 potions of agility
 v - a potion of might
 z - a potion of curing
 E - a potion of magic
Comestibles
 f - 3 bread rations
 g - 6 chunks of flesh
 k - 11 royal jellies
 w - 4 meat rations
 C - a beef jerky
 D - a slice of pizza


   Skills:
 - Level 9.0 Fighting
 + Level 10.6 Crossbows
 + Level 6.7 Armour
 + Level 6.9 Dodging
 - Level 1.1 Stealth


You had 9 spell levels left.
You didn't know any spells.

Dungeon Overview and Level Annotations

Branches:
Dungeon (9/15)             Temple (1/1) D:4
   Lair: D:8-11         Orc: D:9-12

Altars:
Ashenzari
Dithmenos
Elyvilon
Fedhas
Gozag
Kikubaaqudgha
Makhleb
Nemelex Xobeh
Okawaru
Pakellas
Qazlal
Ru
Sif Muna
Trog
Vehumet
Xom
Yredelemnul
Zin
The Shining One

Shops:
D:5 *

Annotations:
D:5 Wand of Hasting
D:9 Erolcha


Innate Abilities, Weirdness & Mutations

You are resistant to torment.
Your stone body is resilient (AC +7).
You are immune to poison.
You resist negative energy.
You are resistant to electric shocks.
You can survive without breathing.
You are immune to petrification.
You are immune to rotting.


Message History

As you read the scroll of teleportation, it crumbles to dust.
You feel strangely unstable. The warg bites you but does no damage.
The warg barely misses you.
The orc priest calls down the wrath of Beogh upon you.
Beogh smites you!
* * * LOW HITPOINT WARNING * * *
The orc priest hits you.
* * * LOW HITPOINT WARNING * * *
The orc priest looks braver for a moment.
The warg closely misses you.
The orc warrior hits you but does no damage.
You slash the orc priest! You freeze the orc priest.
You kill the orc priest!
Okawaru accepts your kill.
You barely miss the warg.
The warg is heavily wounded.
The warg bites you but does no damage.
The orc priest calls down the wrath of Beogh upon you.
Beogh smites you!
You die...

#..# ########..######
)...............
................
########........ .
########..###########..
.......................
..............†h.......
...#########.oh@.......
. #.o#########
.........# ...........
.............
########....## ##.....
....o. .....P


You could see 2 wargs, an orc warrior and an orc priest.

Vanquished Creatures
  Erica (D:8)
  The ghost of Peloso the Blocker, a novice MiFi of Okawaru (D:6)
  The ghost of Nordron the Transmogrifier, a novice OpTm (D:5)
  Maurice (D:8)
  A troll (D:8)
  The ghost of Drunkenshrew the Charmwright, an amateur SpSk (D:3)
  2 humans (D:7)
  A hippogriff (D:7)
  The ghost of nowai the Stinger, an amateur OpWz (D:4)
  An orc warrior (D:7)
  2 phantoms
  3 ice beasts
  3 black bears
  2 ogres
  3 centaurs
  6 giant frogs
  A wyvern skeleton (D:8)
  3 scorpions
  9 wights
  6 jellies
  4 howler monkeys (D:8)
  4 crimson imps
  2 hounds
  5 orc priests
  A gnoll shaman (D:8)
  A giant frog skeleton (D:4)
  5 orc wizards
  An iguana (D:7)
  6 worker ants
  A hound zombie (D:5)
  Robin (D:3)
  8 adders
  4 gnolls (D:8)
  A shadow imp (D:6)
  5 oozes (D:8)
  5 adder skeletons
  2 worms
  3 dart slugs
  5 giant geckos
  18 orcs
  2 giant cockroaches
  15 goblins
  16 hobgoblins
  8 jackals
  6 kobolds
  A quokka (D:3)
  5 ball pythons
  6 bats
  A giant gecko skeleton (D:8)
  5 giant newts
  A jackal skeleton (D:4)
  3 quokka skeletons
  10 rats
210 creatures vanquished.

Vanquished Creatures (others)
  2 orc wizards
  An orc (D:6)
3 creatures vanquished.

Grand Total: 213 creatures vanquished

Notes
Turn   | Place    | Note
--------------------------------------------------------------
     0 | D:1      | Hercules the Gargoyle Hunter began the quest for the Orb.
     0 | D:1      | Reached XP level 1. HP: 12/12 MP: 1/1
   150 | D:1      | Reached XP level 2. HP: 18/18 MP: 2/2
   494 | D:1      | Reached XP level 3. HP: 23/23 MP: 3/3
  1026 | D:2      | Reached XP level 4. HP: 20/28 MP: 4/4
  1039 | D:2      | Found an ancient bone altar of Kikubaaqudgha.
  1154 | D:2      | Reached skill level 5 in Crossbows
  2093 | D:3      | Reached XP level 5. HP: 33/33 MP: 5/5
  2178 | D:3      | Noticed Drunkenshrew's ghost (amateur SpSk)
  2199 | D:3      | Killed Drunkenshrew's ghost
  2199 | D:3      | Reached XP level 6. HP: 33/38 MP: 6/6
  2277 | D:3      | Noticed Robin
  2313 | D:3      | Killed Robin
  2642 | D:4      | Found a staircase to the Ecumenical Temple.
  2648 | Temple   | Entered the Ecumenical Temple
  3374 | D:4      | Noticed nowai's ghost (amateur OpWz)
  3385 | D:4      | Killed nowai's ghost
  3385 | D:4      | Reached XP level 7. HP: 29/43 MP: 7/7
  3642 | D:5      | Entered Level 5 of the Dungeon
  3667 | D:5      | Got a dazzling dagger
  3725 | D:5      | Identified the +2 dagger of Flawed Execution {holy, Dex+2} (You found it on level 5 of the Dungeon)
  3775 | D:5      | Found a sparkling altar of Nemelex Xobeh.
  3827 | D:5      | Found Oqiryt's General Store.
  3835 | D:5      | Bought a potion of might for 52 gold pieces
  3851 | D:5      | Noticed Nordron's ghost (novice OpTm)
  3874 | D:5      | Killed Nordron's ghost
  3874 | D:5      | Reached XP level 8. HP: 39/48 MP: 8/8
  3918 | D:5      | Reached skill level 5 in Dodging
  4090 | D:5      | Reached skill level 6 in Crossbows
  4247 | D:6      | Found a shimmering altar of Xom.
  4313 | D:6      | Found a blossoming altar of Fedhas.
  4315 | D:6      | Found a stormy altar of Qazlal.
  4342 | D:6      | Noticed Peloso's ghost (novice MiFi)
  4376 | D:6      | HP: 1/48 [orc priest/divine providence (9)]
  4781 | D:6      | Found a white marble altar of Elyvilon.
  4927 | D:6      | Killed Peloso's ghost
  4927 | D:6      | Reached skill level 7 in Crossbows
  4927 | D:6      | Reached XP level 9. HP: 34/52 MP: 9/9
  5407 | D:7      | Reached skill level 8 in Crossbows
  5413 | D:7      | Reached skill level 5 in Fighting
  5681 | D:7      | Found a deep blue altar of Sif Muna.
  5786 | D:7      | Found an iron altar of Okawaru.
  5816 | D:7      | Became a worshipper of Warmaster Okawaru
  5902 | D:7      | Reached XP level 10. HP: 14/61 MP: 10/10
  5903 | D:7      | Reached skill level 9 in Crossbows
  6470 | D:7      | Reached * piety under Okawaru
  6840 | D:8      | Noticed Erica
  6857 | D:8      | Killed Erica
  7154 | D:8      | Reached skill level 10 in Crossbows
  7175 | D:8      | Reached ** piety under Okawaru
  7295 | D:8      | Noticed Maurice
  7342 | D:8      | Killed Maurice
  7377 | D:8      | Found a bloodstained altar of Trog.
  8055 | D:9      | Noticed Erolcha
  8060 | D:9      | Killed from afar by an orc priest

Skill      XL: |  1  2  3  4  5  6  7  8  9 10 |
---------------+-------------------------------+-----
Fighting       | 3 4 6 9 |  9.0
Crossbows      | 5 7 8 10 | 10.6
Armour         | 2 4 6 |  6.7
Dodging        | 2 3 4 6 |  6.9
Stealth        | |  1.1

Action                   |  1- 3 |  4- 6 |  7- 9 | 10-12 || total
-------------------------+-------+-------+-------+-------++-------
Melee: Short sword       |    23 |       |       |       ||    23
       Hand axe          |    72 |   151 |   267 |    96 ||   586
       Dagger            |       |       |     1 |       ||     1
       Battleaxe         |       |       |       |   110 ||   110
 Fire: Hand crossbow     |    11 |    27 |    85 |    69 ||   192
  Use: Scroll            |     7 |     3 |    13 |     4 ||    27
       Potion            |       |     3 |     2 |       ||     5
  Eat: Chunk             |       |     7 |     8 |     8 ||    23
       Fruit             |       |       |     2 |       ||     2
Armor: Ring mail         |    58 |    86 |   198 |   218 ||   560
       Skin              |       |       |     1 |       ||     1
       Chain mail        |       |       |       |    43 ||    43
Dodge: Dodged            |    69 |   123 |   282 |   260 ||   734
